 Dungeon Crawl Stone Soup version 0.23.2-1-ga50397a6bc (webtiles) character file.

Game seed: 2348292855585658373

207 MachJacob the Digger (level 5, -1/28 HPs)
             Began as a Gargoyle Earth Elementalist on Apr 17, 2019.
             Slain by a gnoll
             ... wielding a +4 spear
              (7 damage)
             ... on level 3 of the Dungeon.
             The game lasted 00:12:40 (2724 turns).

MachJacob the Digger (Gargoyle Earth Elementalist)  Turns: 2724, Time: 00:12:40

Health: -1/28      AC:  6    Str: 11    XL:     5   Next: 85%
Magic:  9/9        EV: 12    Int: 17    God:
Gold:   46         SH:  0    Dex: 10    Spells: 6/10 levels left

rFire    . . .     SeeInvis .   l - +0 spear
rCold    . . .     Gourm    .   (no shield)
rNeg     + . .     Faith    .   c - +0 robe
rPois    ∞         Spirit   .   (no helmet)
rElec    +         Reflect  .   (no cloak)
rCorr    .         Harm     .   (no gloves)
MR       .....                  (no boots)
Stlth    ++........             (no amulet)
HPRegen  0.09/turn              (no ring)
MPRegen  0.11/turn              (no ring)

@: no status effects
A: negative energy resistance 1, electricity resistance, unbreathing,
petrification resistance, rot immunity, AC +4
a: no special abilities


You were on level 3 of the Dungeon.
You were not hungry.

You visited 1 branch of the dungeon, and saw 3 of its levels.

You collected 46 gold pieces.

Inventory:

Hand Weapons
 l - a +0 spear (weapon)
Armour
 c - a +0 robe (worn)
 n - a +0 pair of gloves
Scrolls
 a - a scroll of amnesia {unknown}
 h - 6 scrolls of identify {unknown}
Potions
 e - a potion of might {unknown}
 f - a potion of degeneration {unknown}
 g - a potion of ambrosia {unknown}
 i - a potion of cancellation {unknown}
 j - a potion of mutation {unknown}
 k - a potion of heal wounds {unknown}
 m - a potion of curing {unknown}
Comestibles
 d - 2 rations


   Skills:
 + Level 2.5 Dodging
 + Level 3.6 Stealth
 + Level 3.0 Spellcasting
   Level 0.7 Transmutations
 * Level 5.5 Earth Magic


You had 6 spell levels left.
You knew the following spells:

 Your Spells              Type           Power        Failure   Level  Hunger
a - Sandblast             Erth           ###...       1%          1    None
b - Stone Arrow           Conj/Erth      ##....       17%         3    ###....

Your spell library contained the following spells:

 Spells                   Type           Power        Failure   Level  Hunger
 Passwall                 Tmut/Erth      ##......     8%          2    ##.....
 Petrify                  Tmut/Erth      ##......     43%         4    ####...
 Lee's Rapid Deconstruct  Erth           ###.......   45%         5    ######.


Dungeon Overview and Level Annotations

Branches:
Dungeon (3/15)

Altars:
Qazlal


Innate Abilities, Weirdness & Mutations

You are resistant to torment.
Your stone body is resilient. (AC +4)
You are immune to poison.
You resist negative energy. (rN+)
You are resistant to electric shocks. (rElec)
You can survive without breathing.
You are immune to petrification.
You are immune to rotting.


Message History

You hit the gnoll.
The gnoll is lightly wounded.
The gnoll hits you from afar with a +0 halberd.
The gnoll hits you but does no damage.
You hit the gnoll.
The gnoll is moderately wounded.
The gnoll barely misses you.
The gnoll hits you from afar with a +0 halberd.
You hit the gnoll.
The gnoll is severely wounded.
The gnoll hits you with a +4 spear! The gnoll closely misses you.
You hit the gnoll.
The gnoll is almost dead.
The gnoll barely misses you. The gnoll misses you. The gnoll barely misses you.
You closely miss the gnoll.
The gnoll is almost dead.
The gnoll hits you from afar with a +0 halberd.
* * * LOW HITPOINT WARNING * * *
The gnoll hits you with a +4 spear!
You die...

o. oo##
#..# ..#
... #.##
#..##
####...####
#@)g).....+
#g#####.###
#.# # #.#
#.# #.# #..
###


You could see 2 gnolls.

Vanquished Creatures
  An orc wizard (D:3)
  An orc priest (D:3)
  Jessica (D:2)
  Natasha (twice) (D:2)
  2 gnolls (D:3)
  An adder (D:2)
  An ooze (D:2)
  2 worms (D:2)
  2 orcs (D:3)
  2 giant cockroaches
  3 hobgoblins
  5 kobolds
  5 bats
  5 frilled lizards
  5 goblins
  3 rats
41 creatures vanquished.

Notes
Turn   | Place    | Note
-------+----------+-------------------------------------------
     0 | D:1      | MachJacob the Gargoyle Earth Elementalist began the quest
                  | for the Orb.
     0 | D:1      | Reached XP level 1. HP: 10/10 MP: 3/3
   274 | D:1      | Reached XP level 2. HP: 12/15 MP: 0/5
   608 | D:1      | Reached skill level 4 in Earth Magic
   912 | D:2      | Noticed Jessica
   916 | D:2      | Killed Jessica
   916 | D:2      | Reached XP level 3. HP: 10/19 MP: 0/6
  1213 | D:2      | Noticed Natasha
  1353 | D:2      | Reached XP level 4. HP: 24/24 MP: 7/7
  1613 | D:2      | Killed Natasha
  1751 | D:2      | Found a stormy altar of Qazlal.
  1983 | D:3      | Reached skill level 5 in Earth Magic
  1983 | D:3      | Reached XP level 5. HP: 20/28 MP: 5/9
  2337 | D:2      | Noticed Natasha
  2452 | D:2      | Learned a level 3 spell: Stone Arrow
  2464 | D:2      | Killed Natasha
  2724 | D:3      | Slain by a gnoll

Skill      XL: |  1  2  3  4  5 |
---------------+----------------+-----
Earth Magic    | 4 5 |  5.5
Dodging        | 2 |  2.5
Stealth        | 3 |  3.6
Spellcasting   | 3 |  3.0
Transmutations | |  0.7

Action                   |  1- 3 |  4- 6 || total
-------------------------+-------+-------++-------
Melee: Unarmed           |    10 |       ||    10
       Spear             |    21 |    53 ||    74
 Cast: Sandblast         |    30 |    11 ||    41
       Stone Arrow       |       |     1 ||     1
 Stab: Sleeping          |     2 |     4 ||     6
  Eat: Chunk             |     1 |     2 ||     3
       Ration            |       |     1 ||     1
Armor: Robe              |    11 |    12 ||    23
Dodge: Dodged            |    20 |    23 ||    43
